 Dungeon Crawl Stone Soup version 0.30-a0-367-g839099abd5 (webtiles) character file.

Game seed: 15186696937546527375

483014 Kennek the Slayer (level 23, 0/225 HPs)
             Began as a Minotaur Fighter on Nov 18, 2022.
             Was the Champion of Okawaru.
             Killed from afar by an ancient lich (92 damage)
             ... with a crystal spear
             ... on level 3 of the Crypt.
             The game lasted 01:42:53 (42320 turns).

Kennek the Slayer (Minotaur Fighter)               Turns: 42320, Time: 01:42:53

Health: 0/225      AC: 36    Str: 30    XL:     23   Next: 45%
Magic:  29/29      EV: 29    Int:  5    God:    Okawaru [******]
Gold:   3799       SH: 13    Dex: 25    Spells: 22/22 levels left

rFire   + . .      SeeInvis +    O - +9 broad axe (flame)
rCold   + . .      Faith    .    o - +2 buckler of the Miller {Fly rElec Regen+}
rNeg    . . .      Spirit   .    P - +10 scale mail of Poguder {Dex+6}
rPois   +          Reflect  .    a - +2 hat of Zuvy {rPois}
rElec   +          Harm     .    e - +2 cloak {Will+}
rCorr   +          Rampage  .    m - +1 pair of gloves of the Lute {Regen+ SInv}
Will    ++...                    R - +3 pair of boots of Brilliance {rCorr}
Stlth   +.........               L - amulet "Natsafru" {Regen+ Dex+7}
HPRegen 2.97/turn                T - +4 ring of slaying
MPRegen 0.21/turn                u - ring "Imocaw" {Slay+3 SInv}

@: flying, studying Transmutations
A: horns 2, retaliatory headbutt, talons 1, cold resistance 1, fire resistance 1
}: 3/15 runes: decaying, serpentine, silver
a: Renounce Religion, Heroism, Finesse, Duel


You were on level 3 of the Crypt.
You worshipped Okawaru.
Okawaru was exalted by your worship.
You visited 9 branches of the dungeon, and saw 42 of its levels.
You visited the Abyss 1 time.
You also visited: Gauntlet.

You collected 6526 gold pieces.
You spent 2727 gold pieces at shops.

Inventory:

Hand Weapons
 z - the +8 mithril axe "Arga" {speed, Will+}
   (You took it off a minotaur in a Gauntlet)

   Attacks with this weapon are significantly faster.
   Will:      It increases your willpower.
 O - a +9 broad axe of flaming (weapon)
 W - a +2 broad axe of electrocution
Missiles
 y - 2 throwing nets (quivered)
Armour
 a - the +2 hat of Zuvy (worn) {rPois}
   (Okawaru gifted it to you on level 2 of the Lair of Beasts)

   rPois:     It protects you from poison.
 c - the +3 pair of boots of Anaesthesia {Drain rF++ Regen+}
   (Okawaru gifted it to you on level 3 of the Elven Halls)

   rF:        It greatly protects you from fire.
   Regen:     It increases your rate of health regeneration.
   Drain:     It drains your maximum health when unequipped.
 e - a +2 cloak of willpower (worn)
 m - the +1 pair of gloves of the Lute (worn) {Regen+ SInv}
   (Okawaru gifted it to you on level 4 of the Vaults)

   SInv:      It lets you see invisible.
   Regen:     It increases your rate of health regeneration.
 o - the +2 buckler of the Miller (worn) {Fly rElec Regen+}
   (You acquired it on level 8 of the Dungeon)

   rElec:     It insulates you from electricity.
   Fly:       It grants you flight.
   Regen:     It increases your rate of health regeneration.
 w - the +4 plate armour "Toff" {rPois Slay+2}
   (You found it on level 3 of the Elven Halls)

   Slay:      It affects your accuracy & damage with ranged weapons and melee
   (+2).
   rPois:     It protects you from poison.
 x - the +8 orange crystal plate armour {Archmagi, Int+3 Clar}
   (You found it on level 3 of the Elven Halls)

   Int:       It affects your intelligence (+3).
   Clar:      It protects you against confusion.
 P - the +10 scale mail of Poguder (worn) {Dex+6}
   (Okawaru gifted it to you on level 5 of the Lair of Beasts)

   Dex:       It affects your dexterity (+6).
 R - the +3 pair of boots of Brilliance (worn) {rCorr}
   (Okawaru gifted it to you on level 2 of the Snake Pit)

   rCorr:     It protects you from acid and corrosion.
 Z - the +3 warlock's mirror {reflect}
   (You found it on level 4 of the Vaults)

   It can block and reflect piercing ranged attacks and magical attacks against
   the wielder's willpower.
Jewellery
 u - the ring "Imocaw" (right hand) {Slay+3 SInv}
   (You took it off a deep elf high priest on level 3 of the Elven Halls)

   [ring of see invisible]

   Slay:      It affects your accuracy & damage with ranged weapons and melee
   (+3).
   SInv:      It lets you see invisible.
 C - a ring of see invisible
 G - a ring of flight
 L - an amulet "Natsafru" (around neck) {Regen+ Dex+7}
   (You found it on level 5 of the Vaults)

   [amulet of regeneration]

   Dex:       It affects your dexterity (+7).
   Regen:     It increases your rate of health regeneration.
 M - a +4 ring of evasion
 T - a +4 ring of slaying (left hand)
Wands
 j - a wand of iceblast (24)
 t - a wand of acid (29)
 E - a wand of flame (39)
 N - a wand of digging (9)
Scrolls
 k - 18 scrolls of teleportation
 n - 8 scrolls of fear
 s - 3 scrolls of brand weapon
 v - 26 scrolls of identify
 A - a scroll of enchant armour
 B - 10 scrolls of blinking
 D - 6 scrolls of immolation
 S - 3 scrolls of magic mapping
Potions
 d - a potion of berserk rage
 f - 8 potions of flight
 g - 13 potions of mutation
 h - 24 potions of curing
 i - 7 potions of brilliance
 l - 5 potions of haste
 p - 2 potions of invisibility
 F - 5 potions of magic
 H - 3 potions of might
 I - a potion of ambrosia
 J - 9 potions of attraction
 U - 9 potions of heal wounds
 Y - 3 potions of lignification
Miscellaneous
 K - a lightning rod (4/4)
 V - a tin of tremorstones (2/2)


   Skills:
 + Level 22.9 Fighting
 + Level 22.7 Axes
 + Level 22.8 Armour
 + Level 20.9 Dodging
 + Level 22.8 Shields
 - Level 10.0 Invocations


You had 22 spell levels left.
You didn't know any spells.
Your spell library contained the following spells:

 Spells                   Type           Power      Damage    Failure   Level
 Apportation              Tloc           0%         N/A       63%         1
 Beastly Appendage        Tmut           0%         N/A       63%         1
 Freeze                   Ice            0%         1d3       63%         1
 Kiss of Death            Conj/Necr      0%         2d5       63%         1
 Magic Dart               Conj           0%         1d3       63%         1
 Sandblast                Erth           0%         2d4       63%         1
 Shock                    Conj/Air       0%         1d3       63%         1
 Sting                    Tmut/Pois      0%         1d3       63%         1
 Blink                    Tloc           0%         N/A       77%         2
 Cigotuvi's Dreadful Rot  Necr/Pois/Air  0%         N/A       77%         2
 Ensorcelled Hibernation  Hex/Ice        0%         N/A       77%         2
 Passwall                 Tmut/Erth      0%         N/A       77%         2
 Poisonous Vapours        Pois/Air       0%         N/A       77%         2
 Scorch                   Fire           0%         2d5       77%         2
 Wereblood                Tmut           0%         N/A       77%         2
 Confusing Touch          Hex            0%         N/A       94%         3
 Dazzling Flash           Conj/Hex       0%         N/A       94%         3
 Frozen Ramparts          Ice            0%         1d1       94%         3
 Hailstorm                Conj/Ice       0%         3d3       94%         3
 Ignite Poison            Fire/Tmut/Pois 0%         N/A       94%         3
 Inner Flame              Hex/Fire       0%         N/A       94%         3
 Kindle Blastsparks       Fire/Tloc/Air  0%         2d10      94%         3
 Mephitic Cloud           Conj/Pois/Air  0%         N/A       94%         3
 Ozocubu's Armour         Ice            0%         N/A       94%         3
 Portal Projectile        Hex/Tloc       0%         N/A       94%         3
 Spider Form              Tmut/Pois      0%         N/A       94%         3
 Stone Arrow              Conj/Erth      0%         3d7       94%         3
 Swiftness                Air            0%         N/A       94%         3
 Airstrike                Air            0%         2d(0-16)  100%        4
 Cause Fear               Hex            0%         N/A       100%        4
 Dispel Undead            Necr           0%         3d6       100%        4
 Flame Wave               Conj/Fire      0%         2d4       100%        4
 Fulminant Prism          Conj/Hex       0%         3d5       100%        4
 Ice Form                 Ice/Tmut       0%         N/A       100%        4
 Iskenderun's Mystic Bla  Conj/Tloc      0%         2d3       100%        4
 Leda's Liquefaction      Hex/Erth       0%         N/A       100%        4
 Manifold Assault         Tloc           0%         N/A       100%        4
 Olgreb's Toxic Radiance  Pois           0%         N/A       100%        4
 Passage of Golubria      Tloc           0%         N/A       100%        4
 Sticky Flame             Conj/Fire      0%         2d3       100%        4
 Agony                    Necr           0%         N/A       100%        5
 Blade Hands              Tmut           0%         N/A       100%        5
 Borgnjor's Vile Clutch   Necr/Erth      0%         N/A       100%        5
 Fireball                 Conj/Fire      0%         3d3       100%        5
 Freezing Cloud           Conj/Ice/Air   0%         6-21      100%        5
 Irradiate                Conj/Tmut      0%         3d11      100%        5
 Iskenderun's Battlesphe  Conj           0%         2d6       100%        5
 Lee's Rapid Deconstruct  Erth           0%         3d4*      100%        5
 Metabolic Englaciation   Hex/Ice        0%         N/A       100%        5
 Silence                  Hex/Air        0%         N/A       100%        5
 Conjure Ball Lightning   Conj/Air       0%         3x3d7     100%        6
 Dispersal                Tloc           0%         N/A       100%        6
 Starburst                Conj/Fire      0%         6d3       100%        6
 Dragon Form              Tmut           0%         N/A       100%        7
 Orb of Destruction       Conj           0%         9d5       100%        7
 Ozocubu's Refrigeration  Ice            0%         4d7       100%        7
 Storm Form               Tmut/Air       0%         N/A       100%        7
 Borgnjor's Revivificati  Necr           0%         N/A       100%        8
 Ignition                 Fire           0%         3d3       100%        8
 Lehudib's Crystal Spear  Conj/Erth      0%         10d2      100%        8
 Maxwell's Capacitive Co  Air            0%         ∞         100%        8
 Necromutation            Tmut/Necr      0%         N/A       100%        8
 Death's Door             Necr           0%         N/A       100%        9
 Polar Vortex             Ice            0%         N/A       100%        9
 Call Imp                 Summ           Unusable   N/A       N/A         2
 Call Canine Familiar     Summ           Unusable   N/A       N/A         3
 Summon Ice Beast         Ice/Summ       Unusable   N/A       N/A         4
 Simulacrum               Ice/Necr       Unusable   N/A       N/A         6
 Summon Cactus Giant      Summ           Unusable   N/A       N/A         6
 Dragon's Call            Summ           Unusable   N/A       N/A         9

Dungeon Overview and Level Annotations

Branches:
Dungeon (15/15)            Temple (1/1) D:5            Lair (5/5) D:9
  Swamp (4/4) Lair:3        Snake (4/4) Lair:3        Slime (0/5) Lair:5
    Orc (2/2) D:10            Elf (3/3) Orc:2        Vaults (5/5) D:13
  Crypt (3/3) Vaults:3       Tomb (0/3) Crypt:3      Depths (0/4) D:15
Gauntlet (visited)

Altars:
Ashenzari
Cheibriados
Elyvilon
Gozag
Hepliaklqana
Kikubaaqudgha
Makhleb
Nemelex Xobeh
Okawaru
Qazlal
Ru
Sif Muna
Trog
Uskayaw
Wu Jian
Xom
Yredelemnul
Zin
The Shining One
Jiyva
Lugonu

Shops:
D:3 (   D:5 [   Orc:2 (([?   Elf:1 (   Elf:2 =(*[*   Snake:1 :   Snake:2 [?=[*
Snake:3 ***(   Snake:4 [   Vaults:3 :   Vaults:4 =

Portals:
Abyss: Lair:5

Annotations:
D:10 1 runed translucent door
Lair:3 2 transporters, Mazui's ghost, journeyman GnCj
Elf:2 3 runed translucent doors
Crypt:3 36 runed doors


Innate Abilities, Weirdness & Mutations

You have a pair of horns on your head.
You reflexively headbutt those who attack you in melee.
You have sharp toenails.
Your flesh is cold resistant. (rC+)
Your flesh is heat resistant. (rF+)


Message History

The ancient lich is severely damaged.
You hit the curse skull.
You hit the ancient lich but do no damage.
You hit the shadow. You burn the shadow.
The ancient lich completely misses you. You block the ancient lich's attack.
You slash the ancient lich! You burn the ancient lich.
The ancient lich is almost destroyed.
You slash the ancient lich! You burn the ancient lich.
You slice the freezing wraith!! You burn the freezing wraith!
You hit the curse skull but do no damage.
The ancient lich touches you! The ancient lich completely misses you.
You furiously retaliate!
You headbutt the ancient lich! You slash the ancient lich!
You burn the ancient lich.
The ancient lich is almost destroyed.
You hit the ancient lich. You burn the ancient lich.
You hit the freezing wraith but do no damage.
You slice the curse skull!!
The shadow slips into darkness.
The shadow flickers and vanishes for a moment.
The ancient lich touches you but does no damage.
You slice the ancient lich!!
You destroy the ancient lich!
Okawaru accepts your kill.
You slash the freezing wraith! You burn the freezing wraith.
You hit the curse skull but do no damage.
You closely miss the ancient lich.
The curse skull calls on the powers of darkness!
Your body is wracked with pain!
The ancient lich misses you. You furiously retaliate!
You headbutt the ancient lich.
Unknown command.
You slash the ancient lich! You burn the ancient lich.
Your headbutt misses the ancient lich.
The ancient lich is heavily damaged.
You hit the curse skull but do no damage.
You slash the freezing wraith! You burn the freezing wraith.
You destroy the freezing wraith!
The freezing wraith disappears in a puff of smoke!
The ancient lich casts a spell at you. The crystal spear hits you!!!!
You die...

...###+####....#≈....$))=...§.≈#.
...# #.........###...........###.
...# #.###.....#.#..8.###.8....#.
..#####........#LL.....^^^...#L#.
#.##...........#######L''#######.
#.....#.........##...........##).
####..#......#..##...........##..
####.......[.#M.§###.......###...
.............)Wz@L.##'''''##...##
......=#...#...##WW..............
.......#...'...[.z...#.........##
z......#...##...[#.....#########
.......#########.#....##
.......##........#....#
.......##.########....#
.......##.....# #....###########
#############.# #.....Z.......z.


You could see an ancient lich (fast), a shadow wraith (summoned, invisible), a
curse skull, 2 shadows, a mummy (summoned) and a wight (summoned).

Vanquished Creatures
  2 dread liches
  An ancient lich (Crypt:3)
  Sojobo (Vaults:3)
  Xtahua (Vaults:5)
  Vashnia (Snake:4)
  A golden dragon (Vaults:5)
  A bone dragon (Crypt:3)
  Jory (Crypt:1)
  Nikola (Snake:1)
  3 doom hounds (Crypt:3)
  2 Tzitzimimeh (Crypt:3)
  Zenata (Crypt:1)
  Jorgrun (Swamp:1)
  7 tentacled monstrosities
  Rupert (Lair:5)
  Grunn (Crypt:3)
  A lich (Crypt:3)
  A quicksilver dragon (Vaults:5)
  A deep elf master archer (Elf:3)
  3 titans (Vaults:5)
  A deep elf blademaster (Elf:3)
  Frances (Snake:1)
  3 ancient champions (Crypt:3)
  A sphinx (Vaults:5)
  7 tengu reavers
  3 shadow dragons
  Donald (Orc:2)
  A fenstrider witch (Swamp:2)
  2 storm dragons (Vaults:5)
  2 fire giants
  7 nagarajas
  The ghost of Plog the Eviscerator, an adept FeBe of Trog (Vaults:4)
  2 revenants
  27 vault wardens
  3 caustic shrike zombies
  6 deep elf sorcerers
  3 frost giants (Vaults:5)
  3 curse skulls
  3 deep elf elementalists (Elf:3)
  The ghost of Onkax the Marksspriggan, an adept SpHu of Okawaru (Elf:1)
  7 ghouls
  3 orc warlords
  Aizul (Snake:4)
  3 very ugly things (Vaults:2)
  2 reapers (Crypt:3)
  A quicksilver ooze (Gauntlet)
  23 ironbound preservers
  2 war gargoyles
  9 ironbound thunderhulks
  7 stone giants
  A juggernaut skeleton (Crypt:2)
  4 vampire knights
  6 deep elf demonologists
  4 eleionomae
  6 bunyips
  13 dire elephants
  8 deep elf annihilators
  A minotaur (Gauntlet)
  11 deep elf death magi
  6 eidola
  2 ettins
  12 jiangshi
  A shambling mangrove (Swamp:4)
  9 yaktaur captains
  8 deep elf high priests (Elf:3)
  5 great orbs of eyes
  52 vault guards
  An entropy weaver (Vaults:5)
  Fannar (D:12)
  An ice dragon (D:10)
  Erolcha (D:12)
  11 ironbound frosthearts
  A peacekeeper (Vaults:4)
  2 catoblepae
  20 hydras
  3 ogre magi
  3 ghost crabs (Swamp:3)
  10 anacondas
  2 salamander tyrants
  10 centaur warriors
  A spriggan air mage (Swamp:3)
  6 boulder beetles
  10 alligators
  10 dancing weapons
  7 two-headed ogres
  5 death knights
  A two-headed ogre (shapeshifter) (Vaults:5)
  14 naga warriors
  A tengu warrior (D:10)
  Urug (D:10)
  An Orb Guardian skeleton (Crypt:1)
  13 death yaks
  8 vampire magi
  3 deep troll shamans
  4 shock serpents
  11 naga sharpshooters
  3 orc high priests
  3 deep troll earth magi
  A soul eater (Crypt:1)
  2 thrashing horrors (Lair:5)
  Sonja (Lair:1)
  A titan zombie (Crypt:2)
  10 deep elf knights
  5 salamander mystics
  An iron troll (Vaults:5)
  2 shadow wraiths
  15 skeletal warriors
  2 goliath frogs
  A titan skeleton (Crypt:2)
  2 large abominations (Lair:5)
  A golden dragon zombie (D:15)
  2 death drakes
  3 flayed ghosts
  54 deep trolls
  A sea snake (shapeshifter) (Vaults:3)
  7 swamp dragons (Swamp:4)
  7 bog bodies
  2 anaconda zombies
  A deep troll (shapeshifter) (Vaults:2)
  A sea snake (Snake:2)
  Pikel (D:9)
  4 spriggan druids
  11 wizards
  An iron giant skeleton (Crypt:2)
  7 naga ritualists
  17 deep elf zephyrmancers
  A sphinx zombie (Crypt:2)
  9 lindwurms
  10 deep elf archers
  2 harpies (shapeshifter)
  An anaconda skeleton (Crypt:2)
  6 phantasmal warriors
  6 necromancers
  19 ironbound convokers
  6 orc knights
  2 frost giant zombies (D:15)
  24 deep elf pyromancers
  2 tengu zombies
  14 salamanders
  14 mana vipers
  4 will-o-the-wisps
  5 orc sorcerers
  9 cyclopes
  5 manticores
  A shining eye (shapeshifter) (Vaults:5)
  A stone giant zombie (Crypt:2)
  A salamander (shapeshifter) (D:14)
  47 ugly things
  40 black mambas
  14 elephants
  An iron dragon skeleton (Crypt:3)
  23 vault sentinels
  2 guardian serpents
  3 centaur zombies
  16 naga magi
  A centaur skeleton (Crypt:1)
  A naga skeleton (Crypt:3)
  2 frost giant skeletons
  4 unseen horrors
  A smoke demon (Lair:5)
  3 rime drakes
  10 cane toads
  3 dire elephant skeletons (Crypt:2)
  A green draconian zombie (Crypt:1)
  Maggie (D:7)
  A steelbarb worm zombie (Crypt:1)
  3 gargoyles
  3 orange demons (Elf:1)
  A tormentor (Crypt:3)
  5 freezing wraiths
  3 tengu conjurers
  An efreet (D:15)
  A human skeleton (Vaults:3)
  23 yaktaurs
  A kobold demonologist (D:10)
  An iron troll zombie (Crypt:3)
  8 komodo dragons
  An ancient zyme (Lair:5)
  A troll (shapeshifter) (D:14)
  2 ice devils (Orc:1)
  2 harpy zombies
  An alligator snapping turtle skeleton (Crypt:1)
  9 trolls
  A bloated husk (Swamp:2)
  A wind drake (shapeshifter) (Lair:5)
  12 tyrant leeches
  4 hornets
  A polar bear (Lair:3)
  An iron troll skeleton (Crypt:2)
  42 blink frogs
  5 dream sheep (Lair:4)
  A blink frog (shapeshifter) (Lair:5)
  2 spectral meliai (Gauntlet)
  36 slime creatures
  An ettin skeleton (Crypt:1)
  2 human simulacra (Vaults:3)
  A water elemental (Elf:3)
  3 air elementals
  A culicivora (shapeshifter) (Vaults:5)
  47 yaks
  3 spriggans
  2 shadows
  A fire dragon skeleton (Crypt:1)
  15 flying skulls
  A guardian serpent skeleton (Crypt:1)
  9 wraiths
  2 vampires
  2 ynoxinuls (Lair:5)
  8 basilisks
  6 wyverns
  A fire elemental (Elf:1)
  3 redbacks (Vaults:5)
  14 vampire mosquitoes
  A wind drake skeleton (Crypt:2)
  2 steam dragons
  2 elf skeletons
  A chaos spawn (Lair:5)
  52 nagas
  Edmund (D:4)
  6 wargs
  2 human zombies
  A glowing shapeshifter zombie (D:15)
  14 water moccasins
  13 swamp worms
  2 fire bat skeletons
  An acid dragon (D:8)
  9 small abominations (Lair:5)
  39 orc warriors
  8 swamp drakes
  4 ice beasts
  2 black bears
  A sky beast (D:6)
  A black mamba simulacrum (Crypt:1)
  4 boggarts (D:15)
  A swamp dragon zombie (Crypt:2)
  An ogre (shapeshifter) (Vaults:4)
  9 wolves
  13 ogres
  A lindwurm skeleton (Crypt:3)
  11 centaurs
  2 lemures (D:9)
  A snapping turtle skeleton (Crypt:2)
  2 kobold brigands
  A phantom (D:6)
  A vine stalker zombie (Crypt:1)
  10 bullfrogs
  4 scorpions
  A komodo dragon zombie (Crypt:2)
  7 necrophages
  4 gnoll sergeants
  An earth elemental (Elf:1)
  A water moccasin zombie (Crypt:3)
  8 wights
  10 killer bees
  3 howler monkeys
  A black bear zombie (Crypt:1)
  20 orc priests
  A hound (D:5)
  A jelly (D:5)
  A gnoll bouda (D:10)
  3 iguanas
  31 orc wizards
  5 adders
  19 gnolls
  5 shadow imps
  2 ufetubi
  An adder skeleton (Crypt:1)
  An adder zombie (Crypt:3)
  A worm (D:15)
  A dart slug (D:1)
  95 orcs
  A bat zombie (Crypt:2)
  8 endoplasms
  A giant cockroach (D:2)
  6 goblins
  11 hobgoblins
  11 jackals
  13 kobolds
  3 quokkas
  3 ball pythons (D:2)
  2 bats (D:1)
  2 frilled lizards
  A giant cockroach zombie (Crypt:2)
  A hobgoblin zombie (Crypt:3)
  A quokka zombie (Crypt:3)
  3 rats
1771 creatures vanquished.

Vanquished Creatures (others)
  A wizard (Vaults:4)
  An ugly thing (Vaults:4)
  A troll (D:10)
  A bloated husk (Swamp:1)
  A boggart (Elf:1)
  18 foxfires
  17 fungi
  22 plants
  13 withered plants
75 creatures vanquished.

Grand Total: 1846 creatures vanquished

Notes
Turn   | Place    | Note
-------+----------+-------------------------------------------
     0 | D:1      | Kennek the Minotaur Fighter began the quest for the Orb.
     0 | D:1      | Reached XP level 1. HP: 19/19 MP: 0/0
    42 | D:1      | Found a faded altar of an unknown god.
   196 | D:1      | Reached XP level 2. HP: 24/27 MP: 1/1
   497 | D:1      | Reached skill level 1 in Dodging
   781 | D:2      | Reached XP level 3. HP: 29/33 MP: 2/2
   959 | D:2      | Reached XP level 4. HP: 26/40 MP: 3/3
  1020 | D:2      | Found an ancient bone altar of Kikubaaqudgha.
  1677 | D:3      | Found Kaazedumo's Weapon Shoppe.
  1787 | D:3      | Gained mutation: You have hidden genetic potential. [potion
                  | of mutation]
  1787 | D:3      | Gained mutation: Your flesh is cold resistant. (rC+)
                  | [potion of mutation]
  1789 | D:3      | Found a glowing golden altar of the Shining One.
  1789 | D:3      | Found a glowing silver altar of Zin.
  1789 | D:3      | Found a white marble altar of Elyvilon.
  2041 | D:4      | Noticed Edmund
  2053 | D:4      | Killed Edmund
  2054 | D:4      | Reached XP level 5. HP: 15/47 MP: 4/4
  2070 | D:3      | Gained mutation: You have sharp toenails. [hidden
                  | potential]
  2179 | D:4      | Reached XP level 6. HP: 49/55 MP: 5/5
  2236 | D:4      | Found a shimmering blue altar of Sif Muna.
  2236 | D:4      | Found an opulent altar of Gozag.
  2415 | D:4      | Reached skill level 5 in Fighting
  2415 | D:4      | Reached skill level 5 in Shields
  2426 | D:4      | Identified the +1 falchion of Curr {elec, *Rage rC+ rCorr}
  2565 | D:4      | Reached skill level 5 in Armour
  2977 | D:4      | Gained mutation: Your flesh is heat resistant. (rF+)
                  | [hidden potential]
  2977 | D:4      | Lost mutation: You have hidden genetic potential. [hidden
                  | potential expressed]
  3083 | D:5      | Entered Level 5 of the Dungeon
  3207 | D:5      | Found Wimuitta's Antique Armour Emporium.
  3250 | D:5      | Reached XP level 7. HP: 28/61 MP: 6/6
  3439 | D:5      | Found a staircase to the Ecumenical Temple.
  3451 | Temple   | Entered the Ecumenical Temple
  3475 | Temple   | Became a worshipper of Warmaster Okawaru
  4043 | D:6      | HP: 2/62 [gnoll/+0 halberd (12)]
  4049 | D:5      | Reached skill level 5 in Axes
  4422 | D:6      | Reached * piety under Okawaru
  4423 | D:6      | Reached XP level 8. HP: 31/70 MP: 7/7
  4800 | D:6      | Reached skill level 5 in Dodging
  4972 | D:6      | Reached ** piety under Okawaru
  4985 | D:6      | Found a sparkling altar of Nemelex Xobeh.
  5321 | D:7      | Reached XP level 9. HP: 75/79 MP: 8/8
  5865 | D:7      | Found an ancient bone altar of Kikubaaqudgha.
  6123 | D:7      | Noticed Maggie
  6140 | D:7      | Killed Maggie
  6140 | D:7      | Reached *** piety under Okawaru
  6639 | D:8      | Reached **** piety under Okawaru
  6640 | D:8      | Reached XP level 10. HP: 88/90 MP: 9/9
  7223 | D:8      | Identified a scroll of acquirement
  7223 | D:8      | Acquired the +2 buckler of the Miller {Fly rElec Regen+}
  7405 | D:9      | Noticed Pikel
  7408 | D:9      | Noticed an elephant
  7408 | D:9      | Noticed a death yak
  7427 | D:9      | Killed a death yak
  7443 | D:9      | Killed Pikel
  7443 | D:9      | Reached ***** piety under Okawaru
  7451 | D:9      | Killed an elephant
  7475 | D:9      | Found a staircase to the Lair.
  7711 | D:9      | Noticed a two-headed ogre
  7718 | D:9      | Killed a two-headed ogre
  7875 | D:9      | Identified the +3 ring mail of Privacy {+Inv rPois Will+}
                  | (Okawaru gifted it to you on level 9 of the Dungeon)
  7875 | D:9      | Received a gift from Okawaru
  7919 | D:9      | Noticed a two-headed ogre
  7923 | D:9      | Reached XP level 11. HP: 99/99 MP: 10/10
  7931 | D:9      | Killed a two-headed ogre
  8425 | D:10     | Entered Level 10 of the Dungeon
  8453 | D:10     | Found a runed translucent door.
  8454 | D:10     | Noticed a sixfirhy
  8500 | D:10     | Noticed an orc knight
  8545 | D:10     | Killed an orc knight
  8721 | D:10     | Found a staircase to the Orcish Mines.
  8735 | D:10     | Reached skill level 5 in Invocations
  8807 | D:10     | Found an ornate altar of the Wu Jian Council.
  9045 | D:10     | Noticed a catoblepas
  9079 | D:10     | Noticed a boulder beetle
  9080 | D:10     | Killed a catoblepas
  9134 | D:10     | Killed a boulder beetle
  9194 | D:10     | Noticed a tengu warrior
  9195 | D:10     | Noticed a boulder beetle
  9203 | D:10     | Killed a tengu warrior
  9224 | D:10     | Killed a boulder beetle
  9296 | D:10     | Found a hazy altar of Hepliaklqana.
  9355 | D:10     | Noticed a two-headed ogre
  9356 | D:10     | Noticed an ice dragon
  9368 | D:10     | Killed a two-headed ogre
  9368 | D:10     | Reached ****** piety under Okawaru
  9378 | D:10     | Noticed a white ugly thing
  9381 | D:10     | Noticed a purple ugly thing
  9388 | D:10     | Killed an ice dragon
  9389 | D:10     | Reached skill level 10 in Invocations
  9394 | D:10     | Killed a white ugly thing
  9395 | D:10     | Reached XP level 12. HP: 68/106 MP: 11/18
  9402 | D:10     | Reached skill level 10 in Armour
  9498 | D:10     | Identified the +7 quarterstaff of Xom's Felicitations
                  | {antimagic, rElec Str-3 Int+5 Dex+8}
  9517 | D:10     | Identified the +1 plate armour "Igaq" {Int+2}
  9526 | D:10     | Got Riub's Textbook on Stony Impurities
  9659 | D:10     | Noticed Urug
  9668 | D:10     | Killed Urug
  9668 | D:10     | Received a gift from Okawaru
  9669 | D:10     | Reached skill level 10 in Fighting
  9669 | D:10     | Reached skill level 10 in Shields
  9881 | D:11     | Noticed a two-headed ogre
  9882 | D:11     | Found a broken altar of Ashenzari.
  9882 | D:11     | Noticed a centaur warrior
  9882 | D:11     | Noticed a boulder beetle
  9891 | D:11     | Killed a two-headed ogre
  9896 | D:11     | Killed a centaur warrior
  9910 | D:11     | Killed a boulder beetle
  9911 | D:11     | Reached skill level 10 in Axes
 10338 | D:11     | Noticed a two-headed ogre
 10346 | D:11     | Killed a two-headed ogre
 10346 | D:11     | Identified the +7 falchion of the Iron City of Dis {flame,
                  | rC- Str+4 Dex+4 Stlth+} (Okawaru gifted it to you on level
                  | 11 of the Dungeon)
 10346 | D:11     | Received a gift from Okawaru
 10706 | D:12     | Noticed a two-headed ogre
 10718 | D:12     | Killed a two-headed ogre
 10725 | D:12     | Noticed Fannar
 10730 | D:12     | Noticed Erolcha
 10734 | D:12     | Killed Erolcha
 11188 | D:12     | Killed Fannar
 11371 | D:13     | Noticed a boulder beetle
 11380 | D:13     | Identified the +1 robe of Yteri {Int+2} (Okawaru gifted it
                  | to you on level 13 of the Dungeon)
 11380 | D:13     | Received a gift from Okawaru
 11390 | D:13     | Killed a boulder beetle
 11391 | D:13     | Reached XP level 13. HP: 83/116 MP: 19/19
 11499 | D:13     | Reached skill level 10 in Dodging
 11563 | D:13     | Found a gate to the Vaults.
 12294 | D:13     | You are sucked into a shaft and drop 2 floors!
 12294 | D:15     | Entered Level 15 of the Dungeon
 12344 | D:15     | Received a gift from Okawaru
 12344 | D:15     | Found the +2 hat of the Bear Spirit {Spirit, *Rage Will++}
 12389 | D:15     | Found a snail-covered altar of Cheibriados.
 12532 | D:15     | Found a staircase to the Depths.
 12676 | D:15     | Found a shimmering blue altar of Sif Muna.
 12833 | D:15     | Reached XP level 14. HP: 90/127 MP: 15/20
 12977 | D:15     | Received a gift from Okawaru
 14397 | D:15     | Identified the +9 hand axe "Cetsudeu" {spect, Will+}
                  | (Okawaru gifted it to you on level 15 of the Dungeon)
 14397 | D:15     | Received a gift from Okawaru
 14589 | Orc:1    | Entered Level 1 of the Orcish Mines
 14664 | Lair:1   | Entered Level 1 of the Lair of Beasts
 14924 | Lair:1   | Noticed Sonja
 14931 | Lair:1   | Killed Sonja
 15406 | Lair:2   | Identified the +2 hat of Zuvy {rPois} (Okawaru gifted it to
                  | you on level 2 of the Lair of Beasts)
 15406 | Lair:2   | Received a gift from Okawaru
 16165 | Lair:3   | Found a staircase to the Snake Pit.
 16265 | Lair:3   | Found a gate leading to a gauntlet.
 16278 | Gauntlet | Entered a Gauntlet
 16278 | Gauntlet | Found a transporter.
 16289 | Gauntlet | Found a transporter.
 16292 | Gauntlet | Found a transporter.
 16293 | Gauntlet | Found a transporter.
 16304 | Gauntlet | Found a transporter.
 16305 | Gauntlet | Found a transporter.
 16306 | Gauntlet | Found a transporter.
 16315 | Gauntlet | Found a transporter.
 16317 | Gauntlet | Found a transporter.
 16318 | Gauntlet | Found a transporter.
 16326 | Gauntlet | Found a transporter.
 16329 | Gauntlet | Found a transporter.
 16330 | Gauntlet | Found a transporter.
 16338 | Gauntlet | Found a transporter.
 16338 | Gauntlet | Noticed a quicksilver ooze
 16445 | Gauntlet | Reached XP level 15. HP: 138/138 MP: 21/21
 16775 | Gauntlet | Identified the +2 ring mail of the Harvest {Harm}
 16778 | Gauntlet | Got Malip's Spellbook of Peregrination
 16961 | Lair:3   | Found a transporter.
 16963 | Lair:3   | Found a transporter.
 16969 | Lair:3   | Noticed Mazui's ghost (journeyman GnCj)
 16971 | Lair:3   | Found a bloodstained altar of Trog.
 17394 | Lair:3   | Found a staircase to the Swamp.
 17754 | Lair:4   | Identified the +2 pair of gloves "Kezyap" {rC- Will++ SInv}
 18040 | Lair:4   | Received a gift from Okawaru
 18125 | Lair:4   | Found a shimmering altar of Xom.
 18403 | Lair:5   | Entered Level 5 of the Lair of Beasts
 18447 | Lair:5   | Found a staircase to the Slime Pits.
 18448 | Lair:5   | Found a viscous altar of Jiyva.
 18591 | Lair:5   | Identified the +10 scale mail of Poguder {Dex+6} (Okawaru
                  | gifted it to you on level 5 of the Lair of Beasts)
 18591 | Lair:5   | Received a gift from Okawaru
 18620 | Lair:5   | Found an iron altar of Okawaru.
 18669 | Lair:5   | Noticed Rupert
 18684 | Lair:5   | Killed Rupert
 18701 | Lair:5   | Reached skill level 15 in Fighting
 18707 | Lair:5   | Reached skill level 15 in Shields
 18798 | Lair:5   | Reached skill level 15 in Armour
 19029 | Lair:5   | Found a corrupted altar of Lugonu.
 19029 | Lair:5   | Found a one-way gate to the infinite horrors of the Abyss.
 19342 | Lair:5   | Reached XP level 16. HP: 149/149 MP: 22/22
 19431 | Lair:5   | Reached skill level 15 in Axes
 19814 | Orc:2    | Entered Level 2 of the Orcish Mines
 20054 | Orc:2    | Found a staircase to the Elven Halls.
 20358 | Orc:2    | Noticed Donald
 20383 | Orc:2    | Killed Donald
 20441 | Orc:2    | Found Ruonius's Weapon Boutique.
 20718 | Orc:2    | Found Rucairus's Antique Weapon Boutique.
 20722 | Orc:2    | Found Jade's Antique Armour Shop.
 20846 | Orc:2    | Found Golitrip's Magic Scroll Shoppe.
 20872 | Orc:2    | Bought a scroll of enchant weapon for 135 gold pieces
 20872 | Orc:2    | Bought a scroll of enchant weapon for 135 gold pieces
 20872 | Orc:2    | Bought a scroll of enchant weapon for 135 gold pieces
 21417 | Snake:1  | Entered Level 1 of the Snake Pit
 21492 | Snake:1  | Identified the +6 chain mail "Acwov" {rN+} (Okawaru gifted
                  | it to you on level 1 of the Snake Pit)
 21492 | Snake:1  | Received a gift from Okawaru
 21567 | Snake:1  | Identified the +0 pair of gloves of the Sacrificial Victim
                  | {Harm rElec Str+2 Int-3}
 21567 | Snake:1  | Noticed Nikola
 21581 | Snake:1  | Killed Nikola
 21644 | Snake:1  | Noticed Frances
 21660 | Snake:1  | Killed Frances
 22185 | Snake:1  | Found Afystrurph's Tremendous Tomes.
 22823 | Snake:2  | Identified the +3 pair of boots of Brilliance {rCorr}
                  | (Okawaru gifted it to you on level 2 of the Snake Pit)
 22823 | Snake:2  | Received a gift from Okawaru
 23015 | Snake:2  | Identified the +1 spear "Gulikh" {holy, *Rage Dex+6}
 23082 | Snake:2  | Reached XP level 17. HP: 159/159 MP: 23/23
 23224 | Snake:2  | Found Itulyumn's Antique Armour Shoppe.
 23227 | Snake:2  | Found Qorphuzu's Armour Shop.
 23227 | Snake:2  | Found Gewutt's Magic Scroll Boutique.
 23228 | Snake:2  | Found Ariubor's Jewellery Shop.
 23228 | Snake:2  | Found Sarar's General Store.
 23236 | Snake:2  | Bought a scroll of magic mapping for 97 gold pieces
 23236 | Snake:2  | Bought a scroll of fear for 52 gold pieces
 23236 | Snake:2  | Bought a scroll of blinking for 97 gold pieces
 23236 | Snake:2  | Bought a scroll of teleportation for 39 gold pieces
 23236 | Snake:2  | Bought a scroll of teleportation for 39 gold pieces
 23236 | Snake:2  | Bought a scroll of blinking for 97 gold pieces
 23256 | Snake:2  | Bought a +4 ring of slaying for 1404 gold pieces
 23264 | Snake:2  | Bought 2 potions of curing for 78 gold pieces
 23264 | Snake:2  | Bought a scroll of enchant weapon for 97 gold pieces
 24132 | Snake:3  | Reached skill level 15 in Dodging
 24195 | Snake:3  | Found Vaizam's General Store.
 24208 | Snake:3  | Found Ylyany's General Store.
 24216 | Snake:3  | Bought a scroll of fear for 56 gold pieces
 24216 | Snake:3  | Bought a potion of curing for 42 gold pieces
 24255 | Snake:3  | Found Sutur's Assorted Antiques.
 24296 | Snake:3  | Identified the +11 dagger "Ceaxkoq" {protect, rN+ Int+4}
 24429 | Snake:3  | Found Repsioka's Weapon Shop.
 24692 | Snake:4  | Entered Level 4 of the Snake Pit
 24997 | Snake:4  | Identified the +0 ring mail of Serendipity {Will+} (Okawaru
                  | gifted it to you on level 4 of the Snake Pit)
 24997 | Snake:4  | Received a gift from Okawaru
 25421 | Snake:4  | Got a serpentine rune of Zot
 25706 | Snake:4  | Found Dufawet's Antique Armour Emporium.
 25770 | Snake:4  | Noticed Vashnia
 25813 | Snake:4  | Killed Vashnia
 25899 | Snake:4  | Noticed Aizul
 25912 | Snake:4  | Killed Aizul
 26147 | Swamp:1  | Entered Level 1 of the Swamp
 26291 | Swamp:1  | Reached XP level 18. HP: 170/170 MP: 24/24
 26297 | Swamp:1  | Noticed Jorgrun
 26313 | Swamp:1  | Killed Jorgrun
 26313 | Swamp:1  | Received a gift from Okawaru
 26736 | Swamp:2  | Found a glowing silver altar of Zin.
 26804 | Swamp:2  | Acquired 1094 gold pieces
 27066 | Swamp:3  | Identified the +0 pair of boots "Molanin" {Dex+5} (Okawaru
                  | gifted it to you on level 3 of the Swamp)
 27066 | Swamp:3  | Received a gift from Okawaru
 27501 | Swamp:4  | Entered Level 4 of the Swamp
 27555 | Swamp:4  | Noticed a tentacled monstrosity
 27563 | Swamp:4  | Killed a tentacled monstrosity
 27688 | Swamp:4  | Got a decaying rune of Zot
 28227 | Vaults:1 | Entered Level 1 of the Vaults
 28454 | Vaults:1 | Received a gift from Okawaru
 28538 | Vaults:1 | Identified the +2 pair of gloves of Hopscotch {rPois rC+
                  | Dex+4}
 28796 | Vaults:1 | Reached XP level 19. HP: 181/181 MP: 25/25
 28803 | Vaults:1 | Identified the +3 ring mail "Wiklimig" {Int+2} (Okawaru
                  | gifted it to you on level 1 of the Vaults)
 28803 | Vaults:1 | Received a gift from Okawaru
 30162 | Vaults:2 | Identified the +6 tower shield of Spring Thaw {Rampage
                  | Regen+ Str-5 Int+3} (Okawaru gifted it to you on level 2 of
                  | the Vaults)
 30162 | Vaults:2 | Received a gift from Okawaru
 30495 | Vaults:2 | Identified the +6 arbalest "Killer Bee's Curse" {flame,
                  | Str+2}
 30842 | Vaults:3 | Identified the +7 ring mail "Feogaokk" {+Blink rF+ rN+}
 30930 | Vaults:3 | Found Jyjig's Book Shop.
 31044 | Vaults:3 | Reached XP level 20. HP: 185/191 MP: 26/26
 31350 | Vaults:3 | Found a staircase to the Crypt.
 31445 | Vaults:3 | Identified the +0 animal skin of Mypysh {Drain rC+++ Regen+
                  | Int+4} (Okawaru gifted it to you on level 3 of the Vaults)
 31445 | Vaults:3 | Received a gift from Okawaru
 31587 | Vaults:3 | Noticed Sojobo
 31606 | Vaults:3 | Killed Sojobo
 32435 | Vaults:4 | Found Paurch's Jewellery Boutique.
 32543 | Vaults:4 | Found a runed translucent door.
 32543 | Vaults:4 | Noticed Plog's ghost (adept FeBe)
 32568 | Vaults:4 | Killed Plog's ghost
 32823 | Vaults:4 | Identified the +1 pair of gloves of the Lute {Regen+ SInv}
                  | (Okawaru gifted it to you on level 4 of the Vaults)
 32823 | Vaults:4 | Received a gift from Okawaru
 32989 | Vaults:4 | Found the +3 warlock's mirror {reflect}
 33787 | Elf:1    | Entered Level 1 of the Elven Halls
 33812 | Elf:1    | Reached XP level 21. HP: 202/202 MP: 27/27
 33911 | Elf:1    | Found Xefuv's Weapon Shop.
 34415 | Elf:1    | Found a runed translucent door.
 34417 | Elf:1    | Noticed Onkax's ghost (adept SpHu)
 34452 | Elf:1    | Killed Onkax's ghost
 34804 | Elf:2    | Found Jetytian's General Store.
 34815 | Elf:2    | Bought a potion of mutation for 128 gold pieces
 35099 | Elf:2    | Received a gift from Okawaru
 35178 | Elf:2    | Found a runed translucent gate.
 35179 | Elf:2    | Found a runed translucent gate.
 35179 | Elf:2    | Found a runed translucent gate.
 35242 | Elf:2    | Found Kine's General Store.
 35248 | Elf:2    | Bought a potion of curing for 36 gold pieces
 35248 | Elf:2    | Bought a potion of heal wounds for 60 gold pieces
 35338 | Elf:2    | Found Saikk's Jewellery Boutique.
 35354 | Elf:2    | Found Kafihet's Antique Weapon Emporium.
 35416 | Elf:2    | Found Jioc Lus's Armour Emporium.
 35574 | Elf:3    | Entered Level 3 of the Elven Halls
 35680 | Elf:3    | Found a shimmering blue altar of Sif Muna.
 35849 | Elf:3    | Paralysed by an air elemental for 1 turns
 36255 | Elf:3    | Identified the +3 pair of boots of Anaesthesia {Drain rF++
                  | Regen+} (Okawaru gifted it to you on level 3 of the Elven
                  | Halls)
 36255 | Elf:3    | Received a gift from Okawaru
 36346 | Abyss:2  | Cast into level 2 of the Abyss (a deep elf sorcerer)
 36356 | Elf:3    | Escaped the Abyss
 36448 | Elf:3    | Identified the +0 leather armour of Ozaural {rPois Str+3}
 36448 | Elf:3    | Identified the ring "Imocaw" {Slay+3 SInv}
 36456 | Elf:3    | Identified the +3 morningstar "Seyq" {vorpal, rPois rC-
                  | Int+4}
 36456 | Elf:3    | Identified the ring "Yklus" {rPois rN+ MP+9}
 36802 | Elf:3    | Identified the +3 morningstar "Demonbane" {vorpal, rF+ rC+}
 36845 | Elf:3    | Identified the +4 plate armour "Toff" {rPois Slay+2}
 36897 | Elf:3    | Identified the +7 flail of Quick Death {flame, rN+ Str+5
                  | Int-3 SInv}
 36931 | Elf:3    | Found the +8 orange crystal plate armour {Archmagi, Int+3
                  | Clar}
 37390 | Elf:3    | Found a shimmering blue altar of Sif Muna.
 38059 | Vaults:5 | Entered Level 5 of the Vaults
 38213 | Vaults:5 | Reached XP level 22. HP: 176/213 MP: 28/28
 38257 | Vaults:5 | Received a gift from Okawaru
 38327 | Vaults:5 | Got a silver rune of Zot
 38350 | Vaults:5 | Got the Atlas of the Atmospheric Blaze
 38352 | Vaults:5 | Identified the +7 spear of Gaxurara {venom, Will+}
 38486 | Vaults:5 | Noticed Xtahua
 38493 | Vaults:5 | Paralysed by Xtahua for 3 turns
 38498 | Vaults:5 | Killed Xtahua
 38557 | Vaults:5 | Noticed a golden dragon
 38562 | Vaults:5 | Killed a golden dragon
 38675 | Vaults:5 | Noticed a dread lich
 38690 | Vaults:5 | Killed a dread lich
 38721 | Vaults:5 | Identified the +6 glaive of Floods {vorpal, Str+3 Int+2}
 38725 | Vaults:5 | Identified the +9 whip of the Carved God {drain, rC++ Str-3
                  | Dex+2}
 38728 | Vaults:5 | Identified the +10 lajatang of Equilibrium {flame, rElec
                  | Int+3}
 38734 | Vaults:5 | Identified the +1 dagger of Bacrin {vorpal, rElec}
 38744 | Vaults:5 | Identified an amulet "Natsafru" {Regen+ Dex+7}
 38759 | Vaults:5 | Identified the +0 scale mail of Catatonia {Will++ rCorr
                  | Str-2}
 38800 | Vaults:5 | Identified the +9 mace of the Big Bang {holy, rElec Int-3
                  | Dex+4}
 39330 | Vaults:5 | Found the +7 great mace "Firestarter" {inner flame, rF++}
 39512 | Crypt:1  | Entered Level 1 of the Crypt
 39590 | Crypt:1  | Received a gift from Okawaru
 39597 | Crypt:1  | Noticed Jory
 39625 | Crypt:1  | Killed Jory
 39905 | Crypt:1  | Noticed Zenata
 39919 | Crypt:1  | Killed Zenata
 40858 | Crypt:2  | Reached XP level 23. HP: 224/224 MP: 29/29
 41328 | Crypt:3  | Entered Level 3 of the Crypt
 41382 | Crypt:3  | Found the +8 demon blade "Leech" {vamp, Harm Drain rN+}
 41457 | Crypt:3  | Found a huge runed gate.
 41457 | Crypt:3  | Found a huge runed gate.
 41457 | Crypt:3  | Found a huge runed gate.
 41457 | Crypt:3  | Found a huge runed gate.
 41457 | Crypt:3  | Found a huge runed gate.
 41457 | Crypt:3  | Found a huge runed gate.
 41457 | Crypt:3  | Found a huge runed gate.
 41457 | Crypt:3  | Found a huge runed gate.
 41458 | Crypt:3  | Found a huge runed gate.
 41466 | Crypt:3  | Found a huge runed gate.
 41475 | Crypt:3  | Found a huge runed gate.
 41475 | Crypt:3  | Found a huge runed gate.
 41475 | Crypt:3  | Found a huge runed gate.
 41475 | Crypt:3  | Found a huge runed gate.
 41475 | Crypt:3  | Found a huge runed gate.
 41479 | Crypt:3  | Found a huge runed gate.
 41480 | Crypt:3  | Found a huge runed gate.
 41500 | Crypt:3  | Identified the +9 plate armour of the Harvest {+Blink rC-
                  | Int+8 Stlth-} (Okawaru gifted it to you on level 3 of the
                  | Crypt)
 41500 | Crypt:3  | Received a gift from Okawaru
 41523 | Crypt:3  | Noticed Grunn
 41888 | Crypt:3  | Found a staircase to the Tomb.
 41916 | Crypt:3  | Killed Grunn
 42001 | Crypt:3  | Found a huge runed gate.
 42001 | Crypt:3  | Found a huge runed gate.
 42001 | Crypt:3  | Found a huge runed gate.
 42001 | Crypt:3  | Found a huge runed gate.
 42003 | Crypt:3  | Found a huge runed gate.
 42003 | Crypt:3  | Found a huge runed gate.
 42004 | Crypt:3  | Found a huge runed gate.
 42004 | Crypt:3  | Found a huge runed gate.
 42004 | Crypt:3  | Found a huge runed gate.
 42006 | Crypt:3  | Found a huge runed gate.
 42006 | Crypt:3  | Found a huge runed gate.
 42006 | Crypt:3  | Found a huge runed gate.
 42006 | Crypt:3  | Found a huge runed gate.
 42006 | Crypt:3  | Found a huge runed gate.
 42011 | Crypt:3  | Found a huge runed gate.
 42012 | Crypt:3  | Found a huge runed gate.
 42013 | Crypt:3  | Found a huge runed gate.
 42014 | Crypt:3  | Found a huge runed gate.
 42022 | Crypt:3  | Found a huge runed gate.
 42146 | Crypt:3  | Noticed a dread lich
 42161 | Crypt:3  | Killed a dread lich
 42237 | Crypt:3  | Noticed an ancient lich
 42237 | Crypt:3  | Noticed an ancient lich
 42319 | Crypt:3  | Killed an ancient lich
 42320 | Crypt:3  | Killed from afar by an ancient lich

Illustrated notes

Levels and vault maps discovered:
D:1:      moated_graveyard_arrival, layout_basic, ebering_ecumenical_altar_hall,
          amcnicky_mini_rare_corridor_liquid
D:2:      layout_basic, basic_altar, minmay_misc_feat_diagonals
D:3:      layout_loops_ring, good_gods_mini_temple, serial_shops, shop
D:4:      layout_basic, jmf_multi_god_temple, chequers_serial_rivers_micro_a,
          uniq_edmund
D:5:      layout_basic, minmay_temple_entry_poolview, serial_shops, shop,
          minmay_misc_feat_encased
D:6:      layout_cave_pools, nemelex_dance_club_becter, serial_column_ruins,
          column_ruins_hut, column_ruins_open_small_water, column_ruins_grid_1,
          column_ruins_open_medium, column_ruins_columns_straight,
          column_ruins_corridor_straight, column_ruins_columns_dead_end,
          column_ruins_grid_3
D:7:      layout_rooms, nicolae_kikubaaqudgha_miasma_corner, uniq_maggie
D:8:      minmay_general_purpose_star, layout_basic
D:9:      layout_basic, david_lair_generic, uniq_pikel
D:10:     cheibrodos_shockbox, layout_loops_ring,
          nicolae_hepliaklqana_hippocampus, kennysheep_mini, david_orc_5,
          minmay_the_grid_2x2 [minmay_the_grid_slots, minmay_the_grid_doors,
          minmay_the_grid_dragon_b, minmay_the_grid_prize_trominoes], uniq_urug
D:11:     layout_long_grid, minmay_ruined_shrine
D:12:     layout_loops_ring, corexii_leaking_fountain, skrybe_limestone_x,
          uniq_erolcha, uniq_fannar
D:13:     layout_basic, erik_vaults_2, minmay_misc_feat_enclosed
D:14:     layout_roguey, roderic_malta_cross, nicolae_elevator_lobby_asterisk
D:15:     gammafunk_depths_entry_grave, layout_basic,
          nicolae_sif_muna_condensation, slow_altar_1
Temple:   dshaligram_water_room_temple
Lair:1:   layout_long_grid, uniq_sonja
Lair:2:   layout_misc_corridors, beast_lair_carwin_5,
          infiniplex_staircase_pool_2
Lair:3:   layout_cave_pods, palyth_hydra_swamp_entry,
          minmay_snake_entry_guardpost_large, gauntlet_entry_generic,
          gammafunk_ghost_wrathful_warriors, grunt_megastairs_3
Lair:4:   layout_loops_ring, basic_altar, grunt_forest_small_clearings
Lair:5:   hellmonk_lair_end_abyssal_woods, layout_regular_city, slime_entry_1,
          basic_altar, chequers_serial_rivers_micro_d, grunt_megastairs_1,
          uniq_rupert
Swamp:1:  layout_basic_swamp, serial_swamp_ruin, evilmike_swamp_ruin_rubble_2,
          evilmike_swamp_ruin_house_6, evilmike_swamp_ruin_house_3, swamp_pool4,
          nicolae_swamp_spriggan_camp, uniq_jorgrun
Swamp:2:  layout_falls_marsh, basic_altar, swamp_pool5
Swamp:3:  layout_basic_swamp, evilmike_swamp_ruin_house_4,
          infiniplex_staircase_pool
Swamp:4:  swamp, layout_basic_swamp
Snake:1:  layout_misc_corridors, nicolae_shop_i_like_big_books,
          nicolae_snake_serpentine_hallways, nicolae_snake_gridmaze_waves,
          serial_bayou_shore_b, uniq_nikola, uniq_frances
Snake:2:  layout_chambers, grunt_ministairs_8, hangedman_snake_pattern,
          st_stairs_5, nicolae_wooded_promenade, nicolae_snake_boneroom
Snake:3:  layout_gridlike, serial_shops, shop, nicolae_diamond_shop,
          nicolae_shop_bloodbath_and_beyond, nicolae_shop_crystal,
          nicolae_snake_gridmaze_spiral, nicolae_snake_slithery_corners
Snake:4:  minmay_snake_end_coiled, layout_onion_interference, serial_shops,
          shop, grunt_megastairs_4, lemuel_fruit_tree, uniq_aizul, uniq_vashnia
Orc:1:    layout_diamond_mine, portal_ice_cave_demonic_guard
Orc:2:    grunt_orc_community_town_hall, layout_diamond_mine,
          grunt_orc_community_big_house_1, grunt_orc_community_big_house_1,
          grunt_orc_community_house_3, grunt_orc_community_house_3,
          grunt_orc_community_house_3, grunt_orc_community_house_2, basic_altar,
          uniq_donald
Elf:1:    layout_loops_corners, serial_shops, shop, gammafunk_ghost_grave,
          hangedman_elf_disciples, einodemon_barbed_minivault
Elf:2:    nicolae_elf_blades_crystal_corner, layout_gridlike, serial_shops,
          shop, nicolae_shop_statue_plus, shop, shop,
          nicolae_shop_temple_entry_statues_fountains
Elf:3:    minmay_elf_hall_hex, layout_gridlike, david_defended_altar_elf
Vaults:1: ontoclasm_vaults_gateway, nicolae_vaults_rhombus_6,
          ontoclasm_vaults_ring_large, nicolae_vaults_hallways_thing,
          nicolae_vaults_bisected_slash, vaults_room_stairs_pillars,
          v_alt_pattern_2, v_rooms_5, v_pattern_2, vaults_dpeg_emergency_exit,
          layout_vaults_omnigrid
Vaults:2: v_pattern_5, v_misc_14, ontoclasm_vaults_gallery,
          nicolae_vaults_ring_of_whatevers, grunt_vaults_trifunnel, v_misc_18,
          ontoclasm_vaults_idyll, grunt_vaults_focal,
          nicolae_vaults_yaktaur_gun_rack, v_misc_12, vaults_room_fancy_cross,
          vaults_room_pool, nicolae_vaults_little_ls, vaults_mumra_hex,
          layout_vaults_ring
Vaults:3: v_pattern_1, grunt_vaults_twisty, blue_anna_dwarven_crypt,
          hangedman_vaults_restitches, v_misc_10, vaults_room_corners,
          vaults_room_pool, layout_vaults_chaotic_city, serial_shops,
          nicolae_shop_trees, uniq_sojobo
Vaults:4: ebering_ghost_inner_flame, vaults_room_pool,
          nicolae_vaults_windows_and_doors_thing, vaults_dpeg_encased_lava,
          vaults_dpeg_spiral, grunt_vaults_bifocal,
          hangedman_vaults_stretched_pinwheel, vaults_dpeg_diagonal, v_misc_19,
          v_alt_pattern_4, v_misc_29, vaults_room_boxed, nicolae_vaults_meeting,
          vaults_room_grunt_arrival_checkpoint, v_rooms_2,
          layout_vaults_omnicross, serial_shops, shop
Vaults:5: uniq_xtahua
Crypt:1:  layout_basic, grunt_crypt_arrival_split, grunt_megastairs_5,
          uniq_zenata, uniq_jory
Crypt:2:  layout_basic, minicrypt_bobbens
Crypt:3:  david_glass_crypt, layout_basic, not_door_vault_due, uniq_grunn

Skill      XL: |  1  2  3  4  5  6  7  8  9 10 11 12 13 14 15 16 17 18 19 20 21 22 |
---------------+-------------------------------------------------------------------+-----
Dodging        | 1 2 3 4 5 6 8 9 11 12 13 14 15 16 17 18 19 20 | 20.9
Fighting       | 4 5 6 7 8 9 11 12 14 15 16 17 18 19 20 21 22 | 22.9
Shields        | 4 5 6 7 8 9 11 12 14 15 16 17 18 19 20 21 22 | 22.8
Armour         | 4 5 6 7 8 9 11 12 14 15 16 17 18 19 20 21 22 | 22.8
Axes           | 3 4 5 6 8 9 11 12 13 14 16 17 18 19 20 21 22 | 22.7
Invocations    | 10 | 10.0

Action                   |  1- 3 |  4- 6 |  7- 9 | 10-12 | 13-15 | 16-18 | 19-21 | 22-24 || total
-------------------------+-------+-------+-------+-------+-------+-------+-------+-------++-------
Melee: War axe           |    67 |    91 |   194 |   567 |   493 |       |       |       ||  1412
       Headbutt          |     6 |     6 |    41 |   130 |   318 |   390 |   348 |   269 ||  1508
       Kick              |       |    14 |    30 |       |       |       |       |       ||    44
       Unarmed           |       |       |       |    23 |       |       |       |       ||    23
       Broad axe         |       |       |       |       |   708 |  1417 |  1188 |   740 ||  4053
Invok: Heroism           |       |       |       |     5 |     3 |     5 |     3 |     1 ||    17
       Finesse           |       |       |       |     2 |     3 |     5 |     3 |     1 ||    14
Evoke: Wand              |       |       |       |       |       |       |     5 |     2 ||     7
  Use: Scroll            |     6 |     6 |     6 |     8 |     9 |     7 |     6 |     5 ||    53
       Potion            |       |     1 |     4 |     5 |     5 |     4 |     1 |     7 ||    27
 Stab: Invisible         |       |       |     2 |     2 |       |       |     1 |       ||     5
       Petrified         |       |       |       |     1 |       |       |       |       ||     1
       Distracted        |       |       |       |       |     2 |       |     1 |       ||     3
       Confused          |       |       |       |       |       |     2 |       |       ||     2
Armor: Scale mail        |    44 |    71 |   139 |    83 |    34 |   305 |   247 |   172 ||  1095
       Skin              |       |       |       |     4 |       |       |       |       ||     4
       Ring mail         |       |       |       |   195 |   381 |       |       |       ||   576
Dodge: Dodged            |    26 |    52 |   144 |   265 |   678 |   772 |   674 |   383 ||  2994
Block: Buckler           |    10 |    22 |    60 |   200 |   438 |   527 |   473 |   325 ||  2055

Table legend: (Time is in decaauts)
 A = Elapsed time spent in this place.
 B = Non-inter-level travel time spent in this place.
 C = Inter-level travel time spent in this place.
 D = Time resting spent in this place.
 E = Time spent auto-exploring this place.
 F = Levels seen in this place.
 G = Mean time per level.
                   A        B        C        D        E       F      G
               +--------+--------+--------+--------+--------+-----+--------+
         Total |  41240 |  38534 |   2706 |   1647 |  26898 |  44 |  937.3 |
       Dungeon |  15093 |  14077 |   1016 |    912 |   9962 |  15 | 1006.2 |
        Temple |     58 |     50 |      8 |      0 |     34 |   1 |   58.0 |
          Lair |   4473 |   4059 |    414 |      0 |   3097 |   5 |  894.6 |
         Swamp |   1846 |   1755 |     91 |      0 |   1239 |   4 |  461.5 |
     Snake Pit |   4438 |   4273 |    165 |     68 |   3073 |   4 | 1109.5 |
  Orcish Mines |   1501 |   1289 |    212 |      2 |    864 |   2 |  750.5 |
   Elven Halls |   3893 |   3706 |    187 |    198 |   2573 |   3 | 1297.7 |
        Vaults |   6686 |   6146 |    540 |    141 |   4150 |   5 | 1337.2 |
         Crypt |   2672 |   2603 |     69 |    152 |   1706 |   3 |  890.7 |
         Abyss |      9 |      9 |      0 |      0 |      0 |   1 |    9.0 |
      Gauntlet |    566 |    566 |      0 |    173 |    199 |   1 |  566.0 |
               +--------+--------+--------+--------+--------+-----+--------+

Top non-repeatable levels by time:
   Elf:3: 2088 daAuts
     D:5: 1504 daAuts
Vaults:4: 1457 daAuts
Vaults:1: 1415 daAuts
 Snake:2: 1404 daAuts
    D:13: 1380 daAuts
    D:10: 1377 daAuts
Vaults:3: 1358 daAuts
    D:15: 1312 daAuts
     D:9: 1297 daAuts
Vaults:5: 1271 daAuts
 Snake:4: 1250 daAuts
  Lair:3: 1227 daAuts
Vaults:2: 1184 daAuts
   Orc:2: 1074 daAuts
